 Dungeon Crawl Stone Soup version 0.29.0-13-gc9e81de378 (webtiles) character file.

Game seed: 6069077325057318680

13959 smilodon the Protected (level 11, -23/72 HPs)
             Began as a Demonspawn Fighter on Sept 8, 2022.
             Was an Elder of Hepliaklqana.
             Annihilated by an enormous slime creature (40 damage)
             ... on level 12 of the Dungeon.
             The game lasted 00:45:47 (14055 turns).

smilodon the Protected (Demonspawn Fighter)        Turns: 14055, Time: 00:45:47

Health: -23/72     AC: 28    Str: 25    XL:     11   Next: 82%
Magic:  23/23      EV:  6    Int: 12    God:    Hepliaklqana [****..]
Gold:   600        SH: 13    Dex: 16    Spells: 26/26 levels left

rFire   . . .      SeeInvis .   x - +2 spear (freeze)
rCold   . . .      Faith    .   C - +2 kite shield
rNeg    . . .      Spirit   .   B - +6 plate armour "Ocurhyrr" {Rampage Dex+4}
rPois   .          Reflect  .   (helmet restricted)
rElec   .          Harm     .   h - +2 cloak
rCorr   .          Rampage  +   (no gloves)
Will    .....                   (no boots)
Stlth   ..........              (no amulet)
HPRegen 0.22/turn               f - +6 ring of strength
MPRegen 0.18/turn               y - +4 ring of protection

@: about to teleport
A: reduced essence, antennae 1, rugged brown scales 1, demonic magic 1
a: Renounce Religion, Recall Ancestor, Ancestor Identity, Transference, Idealise


You were on level 12 of the Dungeon.
You worshipped Hepliaklqana.
Hepliaklqana was greatly pleased with you.
You visited 1 branch of the dungeon, and saw 12 of its levels.
You also visited: Ossuary.

You collected 600 gold pieces.

Inventory:

Hand Weapons
 a - a +1 trident
 m - a +0 vampiric dagger
 s - the +5 dagger "Hydrabane" {vorpal, Fragile rElec rPois Int+5}
   (You found it on level 5 of the Dungeon)

   It inflicts extra damage upon your enemies.
   Int:       It affects your intelligence (+5).
   rElec:     It insulates you from electricity.
   rPois:     It protects you from poison.
   Fragile:   It will be destroyed if unequipped.
 x - a +2 spear of freezing (weapon)
 A - a +1 vorpal flail
 F - a +2 long sword of electrocution
Missiles
 L - 10 poisoned darts (quivered)
Armour
 b - a +0 scale mail
 c - a +0 buckler
 h - a +2 cloak (worn)
 B - the +6 plate armour "Ocurhyrr" (worn) {Rampage Dex+4}
   (You found it on level 10 of the Dungeon)

   Dex:       It affects your dexterity (+4).
   Rampage:   It bestows one free step when moving towards enemies.
 C - a +2 kite shield (worn)
 N - a +0 troll leather armour
Jewellery
 e - a ring of positive energy
 f - a +6 ring of strength (left hand)
 t - a ring of flight
 y - a +4 ring of protection (right hand)
 E - a +4 ring of protection
 P - a ring of poison resistance
Wands
 d - a wand of flame (54)
 l - a wand of charming (7)
 z - a wand of polymorph (8)
 I - a wand of digging (2)
Scrolls
 g - 3 scrolls of butterflies
 k - a scroll of blinking
 q - a scroll of enchant armour
 r - a scroll of teleportation
 u - a scroll of noise
 D - 2 scrolls of magic mapping
 G - a scroll of enchant weapon
 H - a scroll of amnesia
 J - a scroll of immolation
 K - 4 scrolls of identify
Potions
 i - 2 potions of resistance
 j - a potion of heal wounds
 n - 6 potions of curing
 p - 9 potions of ambrosia
 v - 4 potions of brilliance
 w - a potion of cancellation
 M - a potion of mutation {unknown}
 O - a potion of degeneration {unknown}
Miscellaneous
 o - a phantom mirror (inert)


   Skills:
 - Level 4.3 Fighting
 + Level 9.0 Polearms
 + Level 9.2 Armour
 - Level 8.1 Shields
 + Level 8.2 Spellcasting
 + Level 7.5 Invocations


You had 26 spell levels left.
You didn't know any spells.
Your spell library contained the following spells:

 Spells                   Type           Power      Damage    Failure   Level
 Necrotise                Necr           16%        1d4       98%         1
 Sting                    Tmut/Pois      16%        1d3       98%         1
 Summon Small Mammal      Summ           16%        N/A       98%         1
 Ensorcelled Hibernation  Hex/Ice        8%         N/A       99%         2
 Poisonous Vapours        Pois/Air       8%         N/A       99%         2
 Sublimation of Blood     Necr           4%         N/A       99%         2
 Call Canine Familiar     Summ           4%         N/A       100%        3
 Spider Form              Tmut/Pois      4%         N/A       100%        3
 Summon Guardian Golem    Hex/Summ       4%         N/A       100%        3
 Vampiric Draining        Necr           4%         2d6       100%        3
 Anguish                  Hex/Necr       2%         N/A       100%        4
 Olgreb's Toxic Radiance  Pois           4%         N/A       100%        4
 Petrify                  Tmut/Erth      4%         N/A       100%        4
 Agony                    Necr           4%         N/A       100%        5
 Irradiate                Conj/Tmut      2%         3d12      100%        5
 Orb of Destruction       Conj           2%         9d5       100%        7
 Spellforged Servitor     Conj/Summ      2%         N/A       100%        7


Dungeon Overview and Level Annotations

Branches:
Dungeon (12/15)            Temple (0/1) D:7            Lair (0/5) D:10
    Orc (0/2) D:11        Ossuary (visited)

Altars:
Gozag
Hepliaklqana
Ru
Sif Muna
Trog
Yredelemnul

Annotations:
D:2 1 runed translucent door, Crazy Yiuf
D:9 2 transporters, Thoth777's ghost, journeyman TrFi


Innate Abilities, Weirdness & Mutations

Your life essence is reduced to manifest your ancestor. (-10% HP)
You have a pair of small antennae on your head.
You are partially covered in rugged brown scales. (AC +1, +3% HP)
Spells you cast may paralyse adjacent enemies.


Message History

Something hits your large slime creature! x2
The slime creature hits you but does no damage.
The slime creature barely misses you.
Your large slime creature hits the large slime creature!!
The slime creature hits you but does no damage.
The large slime creature barely misses you.
The slime creature hits you.
You hear a shout!
You hit the large slime creature. You freeze the large slime creature.
The large slime creature is heavily wounded.
Something hits your large slime creature! x2
The slime creature barely misses you.
A cyclops comes into view.
You block the slime creature's attack. The slime creature closely misses you.
Your large slime creature hits the large slime creature!
The large slime creature hits your large slime creature!!!
Something hits your large slime creature!
You hear a roar!
You barely miss the large slime creature.
The large slime creature is heavily wounded.
Your large slime creature shimmers and vanishes!
You block the slime creature's attack.
You hit the large slime creature but do no damage.
The large slime creature is heavily wounded.
The slime creature hits you.
You block the slime creature's attack. x2
The large slime creature hits you but does no damage.
The slime creature hits you but does no damage.
As you read the scroll of teleportation, it crumbles to dust.
You feel strangely unstable.
You block the slime creature's attack. x2
The slime creature hits you!
* * * LOW HITPOINT WARNING * * *
The large slime creature hits you but does no damage.
The slime creature hits you but does no damage.
Two slime creatures merge to form a large slime creature.
Two slime creatures merge to form an enormous slime creature.
You block the slime creature's attack.
The enormous slime creature attacks as you move away!
The enormous slime creature hits you!!!
Ouch! That really hurt!
You die...

......# .#
[......... .
#.........#
..
#.......#.##
...
..........
... ..
..$#.#.#.#.
#.{#{........
#..#JJ.....#
#.@J..###)#
#...### #..##
(### ## . ##
.. #? ##
..... #9 ..#
..... #.#..
#...~


You could see an enormous slime creature and 2 slime creatures.

Vanquished Creatures
  An unseen horror (D:9)
  A komodo dragon (D:11)
  Grinder (D:5)
  A queen bee (D:11)
  A troll (D:11)
  Sigmund (D:2)
  A shadow (D:9)
  A water elemental (D:11)
  16 yaks
  A wraith (D:11)
  A basilisk (D:11)
  Edmund (D:5)
  Duvessa (D:5)
  2 black bears
  An orc warrior (D:9)
  2 centaurs
  2 phantoms
  Blork the orc (D:5)
  3 bullfrogs
  2 necrophages (D:4)
  A gnoll sergeant (D:11)
  A scorpion (D:6)
  4 wights (D:7)
  15 killer bees
  A jelly (D:6)
  A hound (D:5)
  4 orc priests
  An iguana (D:6)
  2 orc wizards (D:11)
  2 hound zombies (Ossuary)
  2 mummies (Ossuary)
  Robin (D:2)
  7 gnolls
  5 adders
  A white imp (D:8)
  2 adder zombies (Ossuary)
  A worm (D:2)
  4 dart slugs
  25 orcs
  5 bats
  6 endoplasms
  8 giant cockroaches
  A gnoll zombie (Ossuary)
  20 goblins
  10 hobgoblins
  5 jackals
  4 quokkas
  9 ball pythons
  5 frilled lizards
  3 goblin zombies (Ossuary)
  2 hobgoblin zombies (Ossuary)
  6 jackal zombies (Ossuary)
  5 kobolds
  2 orc zombies (Ossuary)
  4 quokka zombies (Ossuary)
  6 rats
  2 rat zombies (Ossuary)
224 creatures vanquished.

Vanquished Creatures (collateral kills)
  A cyclops (D:11)
  A manticore (D:9)
  A cane toad (shapeshifter) (D:11)
  An unseen horror (D:11)
  A komodo dragon (shapeshifter) (D:12)
  2 wyverns (D:7)
  2 wraiths (D:12)
  13 yaks
  A water elemental (D:11)
  2 water moccasins
  An ice beast (D:7)
  2 sky beasts
  5 orc warriors
  3 centaurs
  An elf zombie (Ossuary)
  A gnoll sergeant (D:9)
  A necrophage (D:6)
  A scorpion (D:5)
  3 wights (D:7)
  15 killer bees
  A howler monkey (D:6)
  3 electric eels (D:12)
  A jelly (D:7)
  2 human zombies (Ossuary)
  5 orc priests
  An iguana (D:6)
  3 orc wizards (D:8)
  A hound zombie (Ossuary)
  A mummy (Ossuary)
  3 gnolls
  A shadow imp (D:7)
  2 adder zombies (Ossuary)
  25 orcs
  A gnoll zombie (D:5)
  A hobgoblin zombie (Ossuary)
  2 jackal zombies (Ossuary)
  A kobold zombie (Ossuary)
  An orc zombie (Ossuary)
  A rat zombie (Ossuary)
114 creatures vanquished.

Vanquished Creatures (others)
  An orc warrior (D:9)
  Dowan (D:5)
  An orc priest (D:9)
  8 knights
  An ancestor (D:5)
  2 orcs
14 creatures vanquished.

Grand Total: 352 creatures vanquished

Notes
Turn   | Place    | Note
-------+----------+-------------------------------------------
     0 | D:1      | smilodon the Demonspawn Fighter began the quest for the
                  | Orb.
     0 | D:1      | Reached XP level 1. HP: 18/18 MP: 1/1
   166 | D:1      | Gained mutation: Spells you cast may paralyse adjacent
                  | enemies. [demonic ancestry]
   166 | D:1      | Reached XP level 2. HP: 20/24 MP: 2/2
   908 | D:1      | Reached XP level 3. HP: 29/29 MP: 3/3
  1073 | D:2      | Found a faded altar of an unknown god.
  1155 | D:2      | Found a runed translucent door.
  1156 | D:2      | Noticed Crazy Yiuf
  1250 | D:2      | Noticed Sigmund
  1259 | D:2      | Killed Sigmund
  1260 | D:2      | Gained mutation: You have a pair of small antennae on your
                  | head. [demonic ancestry]
  1260 | D:2      | Reached XP level 4. HP: 30/37 MP: 4/4
  1260 | D:2      | Reached XP level 5. HP: 34/42 MP: 5/5
  1633 | D:2      | Noticed Robin
  1673 | D:2      | Killed Robin
  1690 | D:2      | Reached XP level 6. HP: 36/48 MP: 6/6
  3373 | D:4      | Found an opulent altar of Gozag.
  3374 | D:4      | Found a sacrificial altar of Ru.
  3374 | D:4      | Found a hazy altar of Hepliaklqana.
  3377 | D:4      | Found a bloodstained altar of Trog.
  3382 | D:4      | Became a worshipper of Hepliaklqana the Forgotten
  3541 | D:4      | Reached skill level 1 in Spellcasting
  3619 | D:4      | Gained mutation: You are partially covered in rugged brown
                  | scales. (AC +1, +3% HP) [demonic ancestry]
  3619 | D:4      | Reached XP level 7. HP: 41/56 MP: 7/9
  4286 | D:5      | Entered Level 5 of the Dungeon
  4380 | D:5      | Reached * piety under Hepliaklqana
  4542 | D:5      | Noticed Dowan
  4543 | D:5      | Identified the +5 dagger "Hydrabane" {vorpal, Fragile rElec
                  | rPois Int+5}
  4547 | D:5      | Noticed Duvessa
  4568 | D:5      | Your ally Dowan died
  4571 | D:5      | Killed Duvessa
  4605 | D:5      | Found a sand-covered staircase.
  4659 | Ossuary  | Entered an ossuary
  4721 | Ossuary  | Reached skill level 5 in Armour
  4721 | Ossuary  | Reached skill level 5 in Shields
  4721 | Ossuary  | Reached XP level 8. HP: 38/56 MP: 12/12
  5530 | D:5      | Noticed Edmund
  5536 | D:5      | Killed Edmund
  5537 | D:5      | Noticed Grinder
  5549 | D:5      | Noticed Blork the orc
  5567 | D:5      | Killed Blork the orc
  5568 | D:5      | Reached skill level 5 in Polearms
  5598 | D:5      | Paralysed by Grinder for 3 turns
  5606 | D:5      | Killed Grinder
  6560 | D:6      | Reached XP level 9. HP: 26/61 MP: 15/15
  7035 | D:6      | Reached ** piety under Hepliaklqana
  7036 | D:6      | Remembered your ancestor Heinrich as a knight
  7307 | D:7      | Found a staircase to the Ecumenical Temple.
  7353 | D:7      | Identified the +0 chain mail "Sarren" {rN+ Will+ Dex+3}
  7715 | D:7      | Reached skill level 5 in Spellcasting
  8829 | D:8      | Reached XP level 10. HP: 36/67 MP: 18/18
  9738 | D:9      | Found a transporter.
  9741 | D:9      | Noticed Thoth777's ghost (journeyman TrFi)
  9750 | D:9      | Noticed a moth of wrath
  9779 | D:9      | Found a transporter.
 10224 | D:9      | Reached skill level 1 in Invocations
 10558 | D:9      | Reached *** piety under Hepliaklqana
 10606 | D:9      | Noticed a manticore
 10613 | D:9      | Killed a manticore
 10921 | D:10     | Entered Level 10 of the Dungeon
 10986 | D:10     | Found a basalt altar of Yredelemnul.
 11077 | D:10     | Identified the +6 plate armour "Ocurhyrr" {Rampage Dex+4}
 11118 | D:10     | Found a staircase to the Lair.
 11457 | D:10     | Reached XP level 11. HP: 70/72 MP: 21/21
 11595 | D:10     | Reached skill level 5 in Invocations
 12717 | D:11     | Found a shimmering blue altar of Sif Muna.
 12871 | D:11     | Found a staircase to the Orcish Mines.
 13351 | D:12     | Reached **** piety under Hepliaklqana
 14010 | D:12     | Noticed a boulder beetle
 14034 | D:12     | Noticed a storm dragon
 14034 | D:12     | Noticed a deep elf annihilator
 14034 | D:12     | Noticed a storm dragon
 14041 | D:12     | HP: 2/72 [storm dragon/bolt of lightning (4)]
 14055 | D:12     | Annihilated by an enormous slime creature

Illustrated notes

Levels and vault maps discovered:
D:1:      roderic_dead_forest, layout_basic, dk_noncrumbling_4,
          minmay_tromino_v4_b
D:2:      layout_loops_ring, hellmonk_ecumenical_altar_arch_garden,
          uniq_sigmund, uniq_robin, uniq_crazy_yiuf_cottage
D:3:      layout_loops_ring, kennysheep_nondescript, kennysheep_cluttered_room,
          chequers_arboretum, kennysheep_small_spiral, st_stairs_12
D:4:      layout_layer_cave, minitemple
D:5:      layout_layer_cave, enter_ossuary_3, chequers_serial_rivers_small_3,
          uniq_edmund, uniq_duvessa, uniq_grinder, uniq_blork_the_orc
D:6:      layout_rooms
D:7:      layout_loops_cross, minmay_temple_entry_crystal_x, st_stairs_13
D:8:      layout_basic, kennysheep_generic_room_16
D:9:      layout_rooms, gammafunk_ghost_berserking_beasts, minivault_14,
          grunt_ministairs_4, lemuel_flamethrower_2
D:10:     layout_basic, mainiacjoe_overflow_six_doors_small, dpeg_oklobed_lair,
          special_room [special_room_orc]
D:11:     layout_roguey [special_room_bee], orc_0_dummy, serial_aquarium,
          aquarium_bridge_square [aquarium_subvault_bridge,
          aquarium_subvault_bridge, aquarium_subvault_wall,
          aquarium_subvault_bridge], aquarium_bridge_square
          [aquarium_subvault_wall, aquarium_subvault_bridge,
          aquarium_subvault_bridge, aquarium_subvault_window],
          aquarium_window_1, aquarium_window_fake, aquarium_window_1,
          aquarium_view_2a, aquarium_balcony_double_1,
          nicolae_sif_muna_condensation
D:12:     minmay_bad_star, layout_basic, uniq_jorgrun, uniq_nessos

Skill      XL: |  1  2  3  4  5  6  7  8  9 10 11 |
---------------+----------------------------------+-----
Polearms       | 2 3 4 5 6 7 9 |  9.0
Armour         | 3 4 5 6 7 8 9 |  9.2
Shields        | 3 4 5 6 7 8 |  8.1
Fighting       | 4 |  4.3
Spellcasting   | 1 2 4 5 7 8 |  8.2
Invocations    | 4 7 |  7.5

Action                   |  1- 3 |  4- 6 |  7- 9 | 10-12 || total
-------------------------+-------+-------+-------+-------++-------
Melee: Trident           |   102 |   187 |   357 |   408 ||  1054
       Spear             |       |       |       |    51 ||    51
Throw: Dart              |       |       |       |     1 ||     1
       Throwing net      |       |       |       |     1 ||     1
Invok: Ancestor Identity |       |       |     1 |       ||     1
       Ancestor Life: Kn |       |       |     1 |       ||     1
       Recall Ancestor   |       |       |       |     1 ||     1
Evoke: Wand              |       |       |    15 |    23 ||    38
       Phantom mirror    |       |       |       |     1 ||     1
  Use: Scroll            |     3 |     4 |     7 |     5 ||    19
       Potion            |     3 |     3 |     7 |     6 ||    19
 Stab: Distracted        |       |       |     1 |     4 ||     5
Armor: Scale mail        |    31 |    89 |   143 |    43 ||   306
       Plate armour      |       |       |       |   122 ||   122
Dodge: Dodged            |    39 |    69 |   118 |    63 ||   289
Block: Buckler           |    13 |    40 |    44 |       ||    97
       Kite shield       |       |       |    69 |   182 ||   251
